 Dungeon Crawl Stone Soup version 0.30-a0-1114-gd936c97349 (webtiles) character file.

Game seed: 7498354985151844747

123 retardedninja the Firebug (level 5, -1/36 (37) HPs)
             Began as a Gnoll Fire Elementalist on Apr 20, 2023.
             Slain by a +1 spectral club (5 damage)
             ... created by Ijyb
             ... on level 3 of the Dungeon.
             The game lasted 00:03:39 (2536 turns).

retardedninja the Firebug (Gnoll Fire Elementalist) Turns: 2536, Time: 00:03:40

HP:   -1/36 (37)    AC:  3    Str:  7    XL:     5   Next: 7%
MP:   8/12          EV: 13    Int: 17    God:
Gold: 193           SH:  0    Dex: 12    Spells: 11/14 levels left

rFire   . . .      SeeInvis .    h - +0 short sword
rCold   + . .      Faith    .    (no shield)
rNeg    . . .      Spirit   .    a - +0 robe
rPois   .          Reflect  .    (no helmet)
rElec   .          Rampage  .    t - scarf {+Inv}
rCorr   .                        p - +0 pair of gloves
Will    .....                    (no boots)
Stlth   +++                      g - amulet of the acrobat
HPRegen 0.26/turn                f - ring of protection from cold
MPRegen 0.13/turn                (no ring)

@: lightly drained
A: fangs 1, strong nose, distributed training
a: Evoke Invisibility


You were on level 3 of the Dungeon.
You visited 1 branch of the dungeon, and saw 3 of its levels.

You collected 193 gold pieces.

Inventory:

Hand Weapons
 h - a +0 short sword (weapon)
Armour
 a - a +0 robe (worn)
 p - a +0 pair of gloves (worn)
 t - a scarf of invisibility (worn)
Jewellery
 f - a ring of protection from cold (left hand)
 g - an amulet of the acrobat (around neck)
Wands
 o - a wand of iceblast (7)
Scrolls
 c - a scroll of teleportation {unknown}
 d - a scroll of noise {unknown}
 i - a scroll of blinking {unknown}
 l - 2 scrolls of fog {unknown}
 m - a scroll of silence {unknown}
 q - a scroll of fear {unknown}
Potions
 e - a potion of brilliance {unknown}
 j - 2 potions of heal wounds {unknown}
 n - a potion of might {unknown}
 r - a potion of attraction {unknown}
 s - a potion of cancellation {unknown}


   Skills:
 + Level 1.4 Fighting
 + Level 1.4 Short Blades
 + Level 1.4 Long Blades
 + Level 1.4 Axes
 + Level 1.4 Maces & Flails
 + Level 1.4 Polearms
 + Level 1.4 Staves
 + Level 1.4 Ranged Weapons
 + Level 1.4 Throwing
 + Level 1.4 Armour
 + Level 4.7 Dodging
 + Level 4.3 Stealth
 + Level 1.4 Shields
 + Level 1.4 Unarmed Combat
 + Level 5.1 Spellcasting
 + Level 2.3 Conjurations
 + Level 1.1 Hexes
 + Level 1.1 Summonings
 + Level 1.1 Necromancy
 + Level 1.1 Translocations
 + Level 1.1 Transmutations
 + Level 5.5 Fire Magic
 + Level 1.1 Ice Magic
 + Level 1.1 Air Magic
 + Level 1.1 Earth Magic
 + Level 1.1 Poison Magic
 + Level 1.5 Invocations
 + Level 1.4 Evocations


You had 11 spell levels left.
You knew the following spells:

 Your Spells              Type           Power      Damage    Failure   Level
a - Foxfire               Conj/Fire      68%        2x1d7     2%          1
b - Scorch                Fire           46%        2d7       2%          2

Your spell library contained the following spells:

 Spells                   Type           Power      Damage    Failure   Level
 Slow                     Hex            32%        N/A       9%          1
 Inner Flame              Hex/Fire       15%        N/A       11%         3
 Volatile Blastmotes      Fire/Tloc      30%        2d12      11%         3
 Confusing Touch          Hex            8%         N/A       26%         3
 Vampiric Draining        Necr           8%         2d6       26%         3
 Flame Wave               Conj/Fire      17%        2d7       26%         4


Dungeon Overview and Level Annotations

Branches:
Dungeon (3/15)

Altars:
Cheibriados

Annotations:
D:3 Ijyb


Innate Abilities, Weirdness & Mutations

You have very sharp teeth.
Your uncanny sense of smell can sniff out nearby items.
Your experience applies equally to all skills.


Message History

Unknown command.
You feel drained.
You fail to use your ability.
Terence misses you.
Your magical contamination has completely faded away.
Magic courses through your body. Ijyb hits you with a +1 spectral club.
The +1 spectral club hits you.
Terence says, "Time to say good-bye..."
Terence barely misses you.
A +1 spectral club comes into view.
Unknown command.
Casting: Scorch (safe; 2% risk of failure)
Confirm with . or Enter, or press ? or * to list all spells.
Flames lash Terence.
Terence is burned terribly!
You kill Terence!
Ijyb misses you. The +1 spectral club hits you.
You have reached level 5!
Casting: Scorch (safe; 2% risk of failure)
Confirm with . or Enter, or press ? or * to list all spells.
Flames lash Ijyb.
Ijyb is burned terribly!
Ijyb is severely wounded.
The +1 spectral club hits you. x2; Ijyb hits you with a +1 spectral club.
* * * LOW HITPOINT WARNING * * *
The +1 spectral club hits you.
* * * LOW HITPOINT WARNING * * *
It was a potion of curing.
You feel better. The +1 spectral club hits you.
The +1 spectral club closely misses you.
The +1 spectral club hits you.
* * * LOW HITPOINT WARNING * * *
Ijyb barely misses you. The +1 spectral club misses you.
Ijyb attacks as you move away! Ijyb misses you. The +1 spectral club hits you.
* * * LOW HITPOINT WARNING * * *
You feel better.
The +1 spectral club disappears.
Ijyb hits you with a +1 spectral club.
* * * LOW HITPOINT WARNING * * *
The +1 spectral club hits you.
* * * LOW HITPOINT WARNING * * *
A +1 spectral club comes into view.
You feel better. The +1 spectral club hits you.
* * * LOW HITPOINT WARNING * * *
The +1 spectral club hits you.
You die...

### #.# #.# ##+## ##...##
### ##.....## #.##
##.......## .##
...####.........####...##
......'.........+().....#
...####.........@g.#...##
#.## ##...PPPPPPP.# ...
### ##..†.......# #
##.P.PPP.P.# #.P.....P.#
#.P.._..P.# #..P.....P..
#..P.PPP.P...


You could see a +1 spectral club and Ijyb (combustible).

Vanquished Creatures
  An iguana (D:3)
  Terence (D:3)
  2 adders
  A worm (D:3)
  3 dart slugs
  An orc (D:3)
  4 bats (D:1)
  3 endoplasms
  2 giant cockroaches
  4 goblins
  2 hobgoblins
  2 jackals (D:1)
  4 ball pythons
  7 frilled lizards
  6 kobolds
  2 rats (D:1)
45 creatures vanquished.

Vanquished Creatures (collateral kills)
  3 foxfires (D:3)
3 creatures vanquished.

Vanquished Creatures (others)
  157 foxfires
157 creatures vanquished.

Grand Total: 205 creatures vanquished

Notes
Turn   | Place    | Note
-------+----------+-------------------------------------------
     0 | D:1      | retardedninja the Gnoll Fire Elementalist began the quest
                  | for the Orb.
     0 | D:1      | Reached XP level 1. HP: 13/13 MP: 6/6
    89 | D:1      | Found a faded altar of an unknown god.
   216 | D:1      | Reached XP level 2. HP: 18/19 MP: 3/7
   862 | D:1      | Reached skill level 5 in Spellcasting
   862 | D:1      | Reached XP level 3. HP: 25/25 MP: 5/9
  1387 | D:2      | Learned a level 2 spell: Scorch
  1410 | D:2      | Reached skill level 1 in Invocations
  1628 | D:2      | Reached skill level 1 in Fighting
  1628 | D:2      | Reached skill level 1 in Short Blades
  1628 | D:2      | Reached skill level 1 in Long Blades
  1628 | D:2      | Reached skill level 1 in Axes
  1628 | D:2      | Reached skill level 1 in Maces & Flails
  1628 | D:2      | Reached skill level 1 in Polearms
  1628 | D:2      | Reached skill level 1 in Staves
  1628 | D:2      | Reached skill level 1 in Ranged Weapons
  1628 | D:2      | Reached skill level 1 in Throwing
  1628 | D:2      | Reached skill level 1 in Armour
  1628 | D:2      | Reached skill level 1 in Shields
  1628 | D:2      | Reached skill level 1 in Unarmed Combat
  1628 | D:2      | Reached skill level 1 in Evocations
  2236 | D:3      | Reached XP level 4. HP: 32/32 MP: 9/11
  2334 | D:3      | Reached skill level 1 in Hexes
  2334 | D:3      | Reached skill level 1 in Summonings
  2334 | D:3      | Reached skill level 1 in Necromancy
  2334 | D:3      | Reached skill level 1 in Translocations
  2334 | D:3      | Reached skill level 1 in Transmutations
  2334 | D:3      | Reached skill level 1 in Ice Magic
  2334 | D:3      | Reached skill level 1 in Air Magic
  2334 | D:3      | Reached skill level 1 in Earth Magic
  2334 | D:3      | Reached skill level 1 in Poison Magic
  2459 | D:3      | Found a snail-covered altar of Cheibriados.
  2519 | D:3      | Noticed Terence
  2527 | D:3      | Noticed Ijyb
  2531 | D:3      | Killed Terence
  2532 | D:3      | Reached XP level 5. HP: 20/36 MP: 9/12
  2534 | D:3      | HP: 1/36 [+1 spectral club[Ijyb] (6)]
  2536 | D:3      | Slain by a +1 spectral club

Illustrated notes

Levels and vault maps discovered:
D:1:      onia_arrival_pentagram, layout_loops_ring,
          shapermc_ecumenical_altar_notcrosses, minmay_curled_crystal,
          chequers_serial_rivers_micro_d
D:2:      layout_rooms
D:3:      layout_loops_corners, mainiacjoe_overflow_cross_hatched, uniq_terence,
          uniq_ijyb

Skill      XL: |  1  2  3  4 |
---------------+-------------+-----
Conjurations   | 2 |  2.3
Spellcasting   | 5 |  5.1
Invocations    | 1 |  1.5
Fighting       | 1 |  1.4
Short Blades   | 1 |  1.4
Long Blades    | 1 |  1.4
Axes           | 1 |  1.4
Maces & Flails | 1 |  1.4
Polearms       | 1 |  1.4
Staves         | 1 |  1.4
Ranged Weapons | 1 |  1.4
Throwing       | 1 |  1.4
Armour         | 1 |  1.4
Shields        | 1 |  1.4
Unarmed Combat | 1 |  1.4
Evocations     | 1 |  1.4
Hexes          | 1 |  1.1
Summonings     | 1 |  1.1
Necromancy     | 1 |  1.1
Translocations | 1 |  1.1
Transmutations | 1 |  1.1
Ice Magic      | 1 |  1.1
Air Magic      | 1 |  1.1
Earth Magic    | 1 |  1.1
Poison Magic   | 1 |  1.1
Dodging        | |  4.7
Stealth        | |  4.3
Fire Magic     | |  5.5

Action                     |  1- 3 |  4- 6 || total
---------------------------+-------+-------++-------
   Cast: Foxfire           |    94 |    12 ||   106
         Scorch            |       |     9 ||     9
    Use: Potion            |       |     4 ||     4
 Armour: Robe              |     2 |     1 ||     3
  Dodge: Dodged            |    29 |    13 ||    42

Table legend: (Time is in decaauts)
 A = Elapsed time spent in this place.
 B = Non-inter-level travel time spent in this place.
 C = Inter-level travel time spent in this place.
 D = Time resting spent in this place.
 E = Time spent auto-exploring this place.
 F = Levels seen in this place.
 G = Mean time per level.
                   A        B        C        D        E       F      G
               +--------+--------+--------+--------+--------+-----+--------+
         Total |   2535 |   2481 |     54 |      0 |   2087 |   3 |  845.0 |
       Dungeon |   2535 |   2481 |     54 |      0 |   2087 |   3 |  845.0 |
               +--------+--------+--------+--------+--------+-----+--------+

Top non-repeatable levels by time:
     D:1: 1240 daAuts
     D:3: 691 daAuts
     D:2: 603 daAuts
